 Dungeon Crawl Stone Soup version 0.29.1-13-g9f3cf754e1 (webtiles) character file.

Game seed: 2266543253208340566

1711142 octoduck the Acrobat (level 26, 172/172 HPs)
             Began as a Deep Elf Conjurer on Feb 2, 2023.
             Was the Champion of Vehumet.
             Escaped with the Orb
             ... and 4 runes on Feb 5, 2023!
             The game lasted 12:24:27 (122313 turns).

octoduck the Acrobat (Deep Elf Conjurer)          Turns: 122313, Time: 12:24:27

Health: 172/172    AC: 11    Str:  6 (8)  XL:     26   Next: 80%
Magic:  47/47      EV: 33    Int: 33      God:    Vehumet [******]
Gold:   5211       SH: 10    Dex: 25      Spells: 2/61 levels left

rFire   + + +      SeeInvis +   X - staff of earth
rCold   + + +      Faith    .   U - +3 buckler {rC+ rF+}
rNeg    . . .      Spirit   .   S - +4 skin of Zhor {*Englaciate rC+++ SInv}
rPois   +          Reflect  .   e - +2 hat {Will+}
rElec   .          Harm     .   z - scarf {repulsion}
rCorr   .          Rampage  .   K - +1 pair of gloves of Exclusion {rF+}
Will    ++++.                   O - +0 pair of boots
Stlth   ++........              Y - amulet "Bissaaj" {Acrobat Str+2}
HPRegen 0.38/turn               T - ring of Xom's Full Attention {rPois rC- Will+ Dex+6 SInv}
MPRegen 0.30/turn               c - ring of Hejod {rF+ Int+3 Dex+2}

@: mighty, brilliant, attractive, flying, studying Ranged Weapons, repel
missiles
A: subdued magic 1, inability to read after injury 1
0: Orb of Zot
}: 4/15 runes: decaying, serpentine, slimy, silver
a: Renounce Religion


You escaped.
You worshipped Vehumet.
Vehumet was exalted by your worship.
You visited 10 branches of the dungeon, and saw 52 of its levels.
You also visited: Ossuary.

You collected 7702 gold pieces.
You spent 2491 gold pieces at shops.

Inventory:

Hand Weapons
 k - the +2 long sword of Checks and Balances {vamp, rN+++ Will- Dex-5 SInv}
   (You found it on level 5 of the Pits of Slime)

   It occasionally heals its wielder for a portion of the damage dealt when it
   wounds a living foe.
   Dex:       It affects your dexterity (-5).
   rN:        It renders you almost immune to negative energy.
   SInv:      It lets you see invisible.
   Will:      It decreases your willpower.
Armour
 e - a +2 hat of willpower (worn)
 z - a scarf of repulsion (worn)
 K - the +1 pair of gloves of Exclusion (worn) {rF+}
   (You acquired it on level 4 of the Vaults)

   rF:        It protects you from fire.
 L - a +3 buckler of protection
 O - a +0 pair of boots (worn)
 S - the +4 skin of Zhor (worn) {*Englaciate rC+++ SInv}
   (You took it off a deep elf elementalist on level 3 of the Elven Halls)

   It radiates cold, occasionally slowing all nearby creatures who are not
   resistant to cold.
   rC:        It renders you almost immune to cold.
   SInv:      It lets you see invisible.
 U - a +3 buckler of resistance (worn)
Magical Staves
 X - a staff of earth (weapon)
Jewellery
 a - the ring "Iroulaqe" {rC+ rN+ Will+ Int+6 Dex-5}
   (You found it on level 2 of the Swamp)

   [ring of intelligence]

   Int:       It affects your intelligence (+6).
   Dex:       It affects your dexterity (-5).
   rC:        It protects you from cold.
   rN:        It protects you from negative energy.
   Will:      It increases your willpower.
 c - the ring of Hejod (right hand) {rF+ Int+3 Dex+2}
   (You took it off a deep elf death mage on level 3 of the Elven Halls)

   [ring of protection from fire]

   Int:       It affects your intelligence (+3).
   Dex:       It affects your dexterity (+2).
   rF:        It protects you from fire.
 f - the ring "Cydokker" {rElec rN+ Will+ rCorr Str-3}
   (You took it off a deep elf death mage on level 4 of the Depths)

   [ring of positive energy]

   Str:       It affects your strength (-3).
   rElec:     It insulates you from electricity.
   rN:        It protects you from negative energy.
   rCorr:     It protects you from acid and corrosion.
   Will:      It increases your willpower.
 x - a ring of flight
 A - a +6 ring of dexterity
 F - the ring "Sabra" {rPois Will+ rCorr Str+3}
   (You took it off a deep elf elementalist on level 3 of the Elven Halls)

   [ring of poison resistance]

   Str:       It affects your strength (+3).
   rPois:     It protects you from poison.
   rCorr:     It protects you from acid and corrosion.
   Will:      It increases your willpower.
 I - an amulet of magic regeneration
 T - the ring of Xom's Full Attention (left hand) {rPois rC- Will+ Dex+6 SInv}
   (You took it off a naga ritualist on level 2 of the Snake Pit)

   [ring of dexterity]

   Dex:       It affects your dexterity (+6).
   rC:        It makes you vulnerable to cold.
   rPois:     It protects you from poison.
   SInv:      It lets you see invisible.
   Will:      It increases your willpower.
 Y - the amulet "Bissaaj" (around neck) {Acrobat Str+2}
   (You found it on level 2 of the Orcish Mines)

   [amulet of the acrobat]

   It increases your evasion while moving and waiting.
   Str:       It affects your strength (+2).
 Z - the amulet of the Keeping Gods {Faith rF+ rC++ Slay+3}
   (You took it off a yaktaur captain on level 5 of the Vaults)

   [amulet of faith]

   It allows you to gain divine favour quickly.
   Slay:      It affects your accuracy & damage with ranged weapons and melee
   (+3).
   rF:        It protects you from fire.
   rC:        It greatly protects you from cold.
Wands
 y - a wand of iceblast (15)
 B - a wand of flame (94)
 D - a wand of quicksilver (22)
 J - a wand of mindburst (7)
Scrolls
 g - a scroll of amnesia
 l - 3 scrolls of enchant armour
 m - 13 scrolls of blinking
 n - a scroll of brand weapon
 q - 7 scrolls of summoning
 s - 6 scrolls of enchant weapon
 u - 5 scrolls of fear
 E - 12 scrolls of magic mapping
 P - 12 scrolls of butterflies
 Q - 13 scrolls of teleportation
Potions
 b - 7 potions of magic
 d - 28 potions of curing
 j - 7 potions of haste
 o - 9 potions of attraction
 p - 22 potions of heal wounds
 r - 2 potions of invisibility
 v - 2 potions of ambrosia
 w - 14 potions of flight
 C - 9 potions of brilliance
 H - 3 potions of berserk rage
 N - 8 potions of might
 R - a potion of cancellation
Miscellaneous
 h - a condenser vane
 i - a phial of floods
 G - a phantom mirror
 V - a box of beasts
 W - a lightning rod (4/4)


   Skills:
 + Level 19.5 Fighting
 - Level 4.0 Staves
 - Level 22.9 Dodging
 - Level 5.7 Stealth
 - Level 6.9 Shields
 - Level 18.4 Spellcasting
 + Level 22.5 Conjurations
 - Level 7.0 Hexes
 - Level 14.8 Summonings
 - Level 19.3 Necromancy
 - Level 10.8 Translocations
 - Level 4.1 Transmutations
 - Level 2.6 Air Magic
 - Level 22.5 Earth Magic
 - Level 10.2 Evocations


You had 2 spell levels left.
You knew the following spells:

 Your Spells              Type           Power      Damage    Failure   Level
a - Magic Dart            Conj           100%       1d8       0%          1
b - Orb of Destruction    Conj           58%        9d14      1%          7
c - Haunt                 Necr/Summ      52%        N/A       1%          7
d - Passage of Golubria   Tloc           87%        N/A       1%          4
e - Death Channel         Necr           55%        N/A       1%          6
f - Lehudib's Crystal Sp  Conj/Erth      71%        10d16     1%          8
g - Borgnjor's Vile Clut  Necr/Erth      69%        N/A       0%          5
h - Swiftness             Air            53%        N/A       1%          3
i - Spellforged Servitor  Conj/Summ      54%        N/A       1%          7
j - Shatter               Erth           71%        3d52*     3%          9
k - Blink                 Tloc           100%       N/A       0%          2

Your spell library contained the following spells:

 Spells                   Type           Power      Damage    Failure   Level
 Apportation              Tloc           100%       N/A       0%          1
 Necrotise                Necr           100%       1d9       0%          1
 Sandblast                Erth           100%       2d20      0%          1
 Shock                    Conj/Air       100%       1d9       0%          1
 Summon Small Mammal      Summ           100%       N/A       0%          1
 Call Imp                 Summ           99%        N/A       0%          2
 Passwall                 Tmut/Erth      97%        N/A       0%          2
 Searing Ray              Conj           100%       2d8       0%          2
 Static Discharge         Conj/Air       92%        3-15/arc  0%          2
 Sublimation of Blood     Necr           100%       N/A       0%          2
 Beastly Appendage        Tmut           100%       N/A       1%          1
 Sting                    Tmut/Pois      100%       1d8       1%          1
 Ensorcelled Hibernation  Hex/Ice        100%       N/A       1%          2
 Poisonous Vapours        Pois/Air       90%        N/A       1%          2
 Scorch                   Fire           70%        2d9       1%          2
 Wereblood                Tmut           61%        N/A       1%          2
 Call Canine Familiar     Summ           99%        N/A       0%          3
 Conjure Flame            Conj/Fire      88%        6-21      0%          3
 Dazzling Flash           Conj/Hex       100%       N/A       0%          3
 Stone Arrow              Conj/Erth      100%       3d13      0%          3
 Vampiric Draining        Necr           100%       2d13      0%          3
 Animate Armour           Summ/Erth      100%       N/A       0%          4
 Animate Dead             Necr           100%       N/A       0%          4
 Dispel Undead            Necr           100%       3d31      0%          4
 Fulminant Prism          Conj/Hex       49%        3d21      0%          4
 Iskenderun's Mystic Bla  Conj/Tloc      100%       2d19      0%          4
 Leda's Liquefaction      Hex/Erth       61%        N/A       0%          4
 Agony                    Necr           100%       N/A       0%          5
 Iskenderun's Battlesphe  Conj           100%       2d15      0%          5
 Lee's Rapid Deconstruct  Erth           71%        3d33*     0%          5
 Iron Shot                Conj/Erth      71%        9d13      0%          6
 Confusing Touch          Hex            73%        N/A       1%          3
 Frozen Ramparts          Ice            70%        1d11      1%          3
 Gell's Gravitas          Tloc           87%        N/A       1%          3
 Ignite Poison            Fire/Tmut/Pois 45%        N/A       1%          3
 Inner Flame              Hex/Fire       58%        N/A       1%          3
 Lesser Beckoning         Tloc           87%        N/A       1%          3
 Mephitic Cloud           Conj/Pois/Air  78%        N/A       1%          3
 Portal Projectile        Hex/Tloc       100%       N/A       1%          3
 Spider Form              Tmut/Pois      50%        N/A       1%          3
 Summon Guardian Golem    Hex/Summ       87%        N/A       1%          3
 Teleport Other           Tloc           87%        N/A       1%          3
 Tukima's Dance           Hex            73%        N/A       1%          3
 Airstrike                Air            26%        2d(4-20)  1%          4
 Anguish                  Hex/Necr       47%        N/A       1%          4
 Flame Wave               Conj/Fire      88%        2d19      1%          4
 Hailstorm                Conj/Ice       88%        3d18      1%          4
 Sticky Flame             Conj/Fire      88%        2d10      1%          4
 Summon Ice Beast         Ice/Summ       75%        N/A       1%          4
 Freezing Cloud           Conj/Ice/Air   39%        6-21      1%          5
 Irradiate                Conj/Tmut      47%        3d27      1%          5
 Lightning Bolt           Conj/Air       46%        1d66      1%          5
 Manifold Assault         Tloc           87%        N/A       1%          5
 Summon Forest            Summ/Tloc      46%        N/A       1%          5
 Summon Mana Viper        Hex/Summ       87%        N/A       1%          5
 Yara's Violent Unravell  Hex/Tmut       33%        3d14      1%          5
 Conjure Ball Lightning   Conj/Air       46%        3x3d16    1%          6
 Dispersal                Tloc           43%        N/A       1%          6
 Starburst                Conj/Fire      44%        6d12      1%          6
 Statue Form              Tmut/Erth      78%        N/A       1%          6
 Summon Cactus Giant      Summ           49%        N/A       1%          6
 Summon Hydra             Summ           49%        N/A       2%          7
 Borgnjor's Revivificati  Necr           55%        N/A       2%          8
 Infestation              Necr           55%        N/A       2%          8
 Olgreb's Toxic Radiance  Pois           35%        N/A       3%          4
 Simulacrum               Ice/Necr       41%        N/A       3%          6
 Ice Form                 Ice/Tmut       50%        N/A       4%          4
 Malign Gateway           Summ/Tloc      46%        N/A       5%          7
 Blade Hands              Tmut           30%        N/A       6%          5
 Summon Horrible Things   Summ           49%        N/A       19%         8
 Eringya's Noxious Bog    Tmut/Pois      25%        N/A       22%         6
 Enfeeble                 Hex            36%        N/A       52%         7
 Dragon Form              Tmut           30%        N/A       92%         7
 Maxwell's Capacitive Co  Air            26%        ∞         99%         8
 Polar Vortex             Ice            17%        N/A       100%        9


Dungeon Overview and Level Annotations

Branches:
Dungeon (15/15)            Temple (0/1) D:5            Lair (5/5) D:8
  Swamp (4/4) Lair:3        Snake (4/4) Lair:3        Slime (5/5) Lair:5
    Orc (2/2) D:10            Elf (3/3) Orc:2        Vaults (5/5) D:14
  Crypt (0/3) Vaults:2     Depths (4/4) D:15            Zot (5/5) Depths:4
Ossuary (visited)

Altars:
Ashenzari
Dithmenos
Fedhas
Ru
Vehumet
Wu Jian
Yredelemnul
Zin

Shops:
D:3 =   D:6 *   Orc:2 ([[*   Snake:1 !   Vaults:1 ?(   Depths:1 *
Depths:3 :*(

Portals:
Hell: Depths:1 Depths:2 Depths:3 Depths:4
Abyss: Depths:3 Depths:4
Pandemonium: Depths:2 Depths:4
Ziggurat: Depths:3


Innate Abilities, Weirdness & Mutations

Your spells are a little easier to cast, but a little less powerful.
You occasionally lose the ability to read scrolls when taking damage.


Message History

You kill the rust devil!
Vehumet accepts your kill.
You feel your power returning.
(D) Dungeon (T) Temple (L) Lair (S) Swamp (P) Snake Pit (M) Slime Pits (O) Orcish Mines (E) Elven Halls (V) Vaults (C) Crypt (U) Depths (H) Hell (Z) Zot
Where to? (Enter - D:1 @ (x,y), ? - help)
There is an open door here.
You see here a +0 long sword.
There is a stone staircase leading up here.
You climb upwards.
Your summoned ally is left behind.
There is a stone staircase leading down here.
Magic restored.
There is a stone staircase leading up here.
You climb upwards.
There is a stone staircase leading down here.
There is a stone staircase leading up here.
You climb upwards.
There is a stone staircase leading down here.
A Brimstone Fiend comes into view.
There is an escape hatch in the ceiling here.
The Brimstone Fiend moves out of view.
There is an escape hatch in the ceiling here.
A mysterious force pulls you upwards. The hatch slams shut behind you.
(D) Dungeon (T) Temple (L) Lair (S) Swamp (P) Snake Pit (M) Slime Pits (O) Orcish Mines (E) Elven Halls (V) Vaults (C) Crypt (U) Depths (H) Hell (Z) Zot
Where to? (Enter - D:1 @ (x,y), ? - help)
What level of the Dungeon? (default 1, ? - help)
There is an escape hatch in the floor here.
There is a staircase leading out of the dungeon here.
Really quaff the potion of attraction?
You feel attractive to monsters.
You feel clever all of a sudden.
You feel very buoyant.
You fly up into the air.
You feel very mighty all of a sudden.
You have escaped!

#.#
#......................#
#.#
#.#####>.....>########.#
#.# #.# ##..♣♣♣..##
##.#### #.# #.#
##.♣♣♣♣♣♣♣.## #.....) #.#
#†###.♣♣♣∩∩∩♣♣♣.##
##..#### #.#
#.##..♣♣∩...∩♣...# #...#
#.#
#.##.♣♣♣......♣♣.###..####
#.#
#.##.♣♣∩.♣.♣.∩♣♣.........#
#.#
#.##.(...♣@♣.∩♣♣.#.#####.#
#.# #.#..♣♣∩.♣.♣.∩♣♣.#.#
#.# ##.##
#....♣♣♣.....♣♣♣.#.# #.#
#...###..#..♣♣∩...∩....#.#
#.#
.....###....♣♣♣∩∩∩♣♣.....#
#.# ....(#
##.##.♣♣♣♣♣♣♣.##### #.#
.....# ##.##...♣♣♣..## #.#
#...## #.....>.....># #.#
##### #..########.## #.#


There were no monsters in sight!

Vanquished Creatures
  the Royal Jelly (Slime:5)
  3 dread liches
  3 ancient liches
  2 orbs of fire (Zot:5)
  the Lernaean hydra (Swamp:4)
  The ghost of Smersh616 the Conqueror, a veteran MiDe of Fedhas (Depths:2)
  Saint Roka (Depths:3)
  4 Killer Klowns
  3 caustic shrikes
  4 curse toes
  A profane servitor (Zot:3)
  Nikola (Elf:2)
  12 golden dragons
  An electric golem (Zot:5)
  10 tentacled monstrosities
  2 liches
  Zenata (Vaults:3)
  23 Orb Guardians (Zot:5)
  10 titans
  A walking divine tome (Depths:3)
  A walking crystal tome (Depths:3)
  3 quicksilver dragons
  35 acid blobs
  2 deep elf master archers (Elf:3)
  Asterion (Elf:2)
  An Executioner (Depths:4)
  4 sphinxes
  2 deep elf blademasters (Elf:3)
  6 death cobs
  8 shadow dragons
  Gastronok (D:9)
  An eldritch tentacle (Vaults:4)
  11 storm dragons
  6 tengu reavers
  A thorn hunter (Swamp:1)
  3 draconian monks
  Donald (Vaults:1)
  17 rockslimes
  A fenstrider witch (Swamp:1)
  2 draconian knights
  3 nagarajas
  8 fire giants
  A fire giant (shapeshifter) (Vaults:5)
  5 iron dragons
  7 frost giants
  9 azure jellies
  3 deep elf sorcerers
  2 juggernaut zombies (Depths:4)
  2 orc warlords
  2 draconian scorchers
  A balrug (Depths:1)
  3 ghost moths
  15 vault wardens
  2 draconian shifters
  2 draconian annihilators
  4 draconian stormcallers
  3 deep elf elementalists (Elf:3)
  A spriggan defender (Depths:4)
  17 very ugly things
  6 ironbound thunderhulks
  13 quicksilver oozes
  18 ironbound preservers
  4 war gargoyles
  11 stone giants
  4 black draconians (Zot:3)
  7 eleionomae
  4 white draconians
  7 green draconians
  13 deep elf demonologists
  A quicksilver ooze (shapeshifter) (Depths:4)
  5 bunyips
  3 vampire knights
  6 deep elf annihilators
  6 purple draconians
  An entropy weaver (Vaults:3)
  7 red draconians
  6 dire elephants (Vaults:2)
  A spark wasp (Depths:2)
  6 yellow draconians
  Snorg (D:11)
  8 deep elf death magi
  4 statues (Depths:2)
  A merfolk javelineer (Depths:1)
  32 vault guards
  3 fire dragons
  11 ettins
  6 deep elf high priests
  2 jiangshi (Depths:4)
  The ghost of Zatibaps the Spry, a journeyman FeVM of Dithmenos (Swamp:2)
  4 salamander tyrants
  10 great orbs of eyes
  11 yaktaur captains
  5 boulder beetles
  3 ghost crabs
  24 hydras
  3 ice dragons
  2 rakshasas (Depths:1)
  2 peacekeepers
  3 catoblepae (Lair:5)
  An ogre mage (Vaults:5)
  4 two-headed ogres
  7 spriggan air magi
  9 anacondas
  A radroach (shapeshifter) (Vaults:5)
  6 alligators
  8 naga warriors
  6 centaur warriors
  4 deep troll earth magi
  6 ironbound frosthearts
  17 dancing weapons
  6 tengu warriors
  3 deep troll shamans
  4 orc high priests (Orc:2)
  5 spriggan berserkers
  10 death yaks
  4 shock serpents
  Urug (Lair:1)
  Nergalle (D:11)
  8 naga sharpshooters
  12 deep elf knights
  7 hell knights
  A sun demon (Depths:1)
  4 goliath frogs
  6 swamp dragons
  4 sea snakes (Snake:3)
  3 salamander mystics (Snake:4)
  5 skeletal warriors
  A shadow wraith (Vaults:5)
  A spark wasp zombie (Depths:4)
  3 flayed ghosts
  9 spriggan druids
  2 bog bodies
  6 glowing orange brains
  49 deep trolls
  4 naga ritualists
  19 ironbound convokers
  6 phantasmal warriors
  5 lindwurms
  15 deep elf zephyrmancers
  Pikel (D:5)
  13 wizards
  9 deep elf archers
  3 orc knights
  11 deep elf pyromancers
  2 harpies (Vaults:2)
  9 necromancers
  2 spectral spriggans (Swamp:2)
  2 wolf spiders
  21 ugly things
  5 mana vipers
  3 will-o-the-wisps
  4 orc sorcerers (Orc:2)
  6 salamanders
  4 cyclopes
  5 manticores
  3 shining eyes
  A rust devil (D:5)
  Maurice (D:11)
  23 moths of wrath
  26 vault sentinels
  4 naga magi
  23 black mambas
  An elephant (shapeshifter) (Depths:1)
  A human skeleton (Vaults:1)
  2 guardian serpents
  4 eyes of devastation
  A rime drake (Lair:4)
  A torpor snail (Lair:2)
  Psyche (D:8)
  Maggie (D:7)
  11 cane toads
  2 unseen horrors (D:12)
  A hellion (D:9)
  An efreet (D:15)
  A yaktaur zombie (Vaults:1)
  4 freezing wraiths
  5 komodo dragons
  17 yaktaurs
  A bunyip simulacrum (Swamp:2)
  7 tengu conjurers
  A merfolk (shapeshifter) (Depths:4)
  4 trolls
  3 meliai
  A polar bear (shapeshifter) (Vaults:1)
  7 tyrant leeches
  3 bloated husks
  2 polar bears (D:14)
  11 blink frogs
  9 hornets
  76 slime creatures
  An air elemental (Elf:3)
  A centaur simulacrum (D:14)
  2 jumping spiders (Vaults:4)
  A shadow (D:12)
  2 wraiths
  7 water elementals
  17 spriggans
  37 yaks
  The ghost of wingedge the Conjurer, an amateur MeCj (D:7)
  3 basilisks
  4 fire bats (Depths:1)
  A wyvern (Lair:3)
  Grum (D:9)
  3 fire elementals
  2 basilisks (shapeshifter)
  4 redbacks (Vaults:1)
  11 vampire mosquitoes
  Menkaure (Ossuary)
  A swamp worm (shapeshifter) (D:15)
  A neqoxec (Depths:2)
  2 spatial vortices (Vaults:4)
  A harpy simulacrum (D:14)
  A death drake simulacrum (Swamp:2)
  20 nagas
  17 swamp worms
  A warg (Orc:1)
  An acid dragon (D:12)
  A hydra simulacrum (Swamp:2)
  10 water moccasins
  3 hell hounds (Elf:1)
  A floating eye (Depths:1)
  8 swamp drakes
  5 black bears
  4 ice beasts
  38 orc warriors
  A sky beast (D:8)
  A sky beast (shapeshifter) (Depths:4)
  10 ogres
  8 centaurs
  25 wolves
  4 lemures (D:5)
  An elf zombie (Ossuary)
  18 bullfrogs
  3 gnoll sergeants
  4 necrophages
  7 kobold brigands
  2 earth elementals
  2 scorpions
  12 killer bees
  A jelly (D:8)
  3 centaur zombies (Ossuary)
  2 hounds
  30 orc priests
  4 gnoll boudas
  4 iguanas
  22 orc wizards
  2 ogre zombies (Ossuary)
  6 mummies (Ossuary)
  24 gnolls
  5 adders
  8 white imps
  9 ufetubi
  5 adder zombies (Ossuary)
  2 worms
  A dart slug (D:2)
  114 orcs
  4 bats
  5 endoplasms
  4 giant cockroaches
  A gnoll zombie (Ossuary)
  8 goblins
  5 hobgoblins
  10 jackals
  5 quokkas
  9 ball pythons
  6 frilled lizards
  3 goblin zombies (Ossuary)
  7 hobgoblin zombies (Ossuary)
  44 kobolds
  2 kobold zombies (Ossuary)
  3 quokka zombies (Ossuary)
  5 rats
  3 rat zombies (Ossuary)
1858 creatures vanquished.

Vanquished Creatures (collateral kills)
  4 orbs of fire (Zot:5)
  Mennas (Vaults:3)
  2 Killer Klowns
  A caustic shrike (Depths:3)
  5 golden dragons
  An electric golem (Zot:5)
  The ghost of FizzleBangTC the Slayer, an adept MeEE of Kikubaaqudgha (Zot:5)
  2 tentacled monstrosities
  A lich (Depths:2)
  2 Orb Guardians (Zot:5)
  5 acid blobs
  A death cob (Zot:3)
  4 shadow dragons
  A tengu reaver (Vaults:5)
  3 draconian monks
  A sphinx (Depths:4)
  Roxanne (Snake:4)
  A storm dragon (Zot:3)
  An azure jelly (Slime:5)
  3 nagarajas
  A deep elf sorcerer (Elf:3)
  2 fire giants
  6 vault wardens
  An iron dragon (Depths:4)
  A frost giant (Depths:1)
  A draconian knight (Zot:1)
  3 draconian scorchers
  2 ghost moths
  3 draconian stormcallers
  An orc warlord (Vaults:3)
  A deep elf elementalist (Elf:3)
  7 ironbound preservers
  2 draconian annihilators
  3 quicksilver oozes
  3 stone giants
  11 very ugly things
  4 draconian shifters
  A war gargoyle (Vaults:1)
  A deep elf demonologist (Elf:3)
  4 purple draconians
  A deep elf annihilator (Elf:3)
  A red draconian (Zot:1)
  5 black draconians
  A white draconian (Zot:1)
  5 yellow draconians
  4 green draconians
  Azrael (Elf:1)
  3 dire elephants
  4 entropy weavers
  2 deep elf death magi (Elf:2)
  5 ettins
  2 statues (Depths:2)
  5 fire dragons
  4 yaktaur captains
  A vault guard (Vaults:3)
  4 salamander tyrants
  4 ice dragons
  A spriggan air mage (Depths:4)
  7 ironbound frosthearts
  A boulder beetle (Vaults:1)
  5 centaur warriors
  6 anacondas
  6 dancing weapons
  3 deep troll earth magi
  13 naga warriors
  A hell knight (Depths:1)
  2 vampire magi (Depths:4)
  2 spriggan berserkers
  6 naga sharpshooters
  4 shock serpents
  2 sun demons (Depths:1)
  5 deep elf knights
  3 salamander mystics
  5 sea snakes (Snake:3)
  26 deep trolls
  2 glowing orange brains (Depths:2)
  4 naga ritualists
  A sphinx zombie (Vaults:1)
  A swamp dragon (Swamp:4)
  5 ironbound convokers
  3 harpies (Vaults:2)
  2 lindwurms (Vaults:1)
  4 orc knights
  6 deep elf zephyrmancers
  6 deep elf pyromancers
  A phantasmal warrior (Depths:4)
  9 ugly things
  3 mana vipers
  8 salamanders
  4 moths of wrath
  5 guardian serpents
  4 vault sentinels
  18 black mambas
  4 naga magi
  9 yaktaurs
  A human zombie (Vaults:1)
  3 tengu conjurers
  30 slime creatures
  A hornet (Depths:3)
  A spriggan (Depths:3)
  2 air elementals (Elf:2)
  A water elemental (Elf:3)
  A golden eye (shapeshifter) (Depths:3)
  2 fire elementals (Elf:1)
  A redback (Vaults:1)
  16 nagas
  A warg (Depths:3)
  A hell hound (Snake:4)
  2 orc warriors (Depths:3)
  2 orcs (Depths:3)
413 creatures vanquished.

Vanquished Creatures (others)
  Vashnia (Snake:2)
  A nagaraja (Snake:2)
  Louise (D:15)
  A draconian annihilator (Zot:1)
  A yellow draconian (Zot:1)
  A shambling mangrove (Swamp:1)
  A great orb of eyes (Slime:3)
  A yaktaur captain (Vaults:3)
  A vault guard (D:14)
  A boulder beetle (D:12)
  3 hydras
  A catoblepas (Lair:2)
  2 centaur warriors
  A naga warrior (Snake:1)
  2 anacondas (Snake:1)
  A tengu warrior (D:13)
  A naga sharpshooter (Snake:4)
  2 death yaks (Lair:5)
  An orc high priest (Elf:1)
  A deep elf knight (Elf:1)
  4 skeletal warriors
  A goliath frog (Swamp:4)
  A spriggan druid (Swamp:1)
  2 swamp dragons (Swamp:4)
  A spectral hydra (Swamp:2)
  3 orc knights (Orc:2)
  An ugly thing (D:14)
  2 black mambas
  A gargoyle (D:10)
  2 cane toads
  2 komodo dragons
  2 trolls
  A tyrant leech (Lair:3)
  A polar bear (Lair:4)
  A slime creature (D:12)
  2 blink frogs (Lair:4)
  An air elemental (Elf:2)
  A jumping spider (Vaults:4)
  22 yaks
  5 vampire mosquitoes
  A redback simulacrum (D:14)
  An acid dragon (D:9)
  3 nagas
  3 water moccasins
  10 orc warriors
  4 centaurs
  2 wolves (Lair:1)
  A kobold brigand (D:10)
  4 wights
  3 killer bees
  An orc priest (Orc:2)
  3 gnolls
  3 orcs
  2 kobolds (D:10)
  7 foxfires (Swamp:2)
  159 fulminant prisms
  88 fungi
  92 plants
  A withered plant (Zot:5)
469 creatures vanquished.

Grand Total: 2740 creatures vanquished

Notes
Turn   | Place    | Note
-------+----------+-------------------------------------------
     0 | D:1      | octoduck the Deep Elf Conjurer began the quest for the Orb.
     0 | D:1      | Reached XP level 1. HP: 10/10 MP: 6/6
   222 | D:1      | Reached XP level 2. HP: 15/15 MP: 6/8
   222 | D:1      | Found a faded altar of an unknown god.
   323 | D:1      | Learned a level 2 spell: Searing Ray
   941 | D:2      | You fall into a shaft and drop 2 floors!
  1012 | D:3      | Reached skill level 5 in Conjurations
  1012 | D:3      | Reached XP level 3. HP: 19/19 MP: 6/9
  1021 | D:3      | Learned a level 3 spell: Dazzling Flash
  1240 | D:3      | Found Awyinoopn's Jewellery Emporium.
  1494 | D:2      | Reached skill level 1 in Hexes
  1823 | D:2      | Reached XP level 4. HP: 24/24 MP: 4/10
  3054 | D:3      | Reached XP level 5. HP: 28/28 MP: 1/11
  3367 | D:3      | Learned a level 4 spell: Fulminant Prism
  3561 | D:4      | Found a radiant altar of Vehumet.
  3569 | D:4      | Became a worshipper of Vehumet
  3873 | D:4      | Reached skill level 5 in Dodging
  4782 | D:5      | Entered Level 5 of the Dungeon
  4825 | D:5      | Noticed an ogre
  4865 | D:5      | Reached XP level 6. HP: 32/32 MP: 9/12
  5128 | D:5      | Found a sand-covered staircase.
  5133 | Ossuary  | Entered an ossuary
  5374 | Ossuary  | Reached * piety under Vehumet
  5374 | Ossuary  | Offered knowledge of Sandblast by Vehumet.
  5921 | Ossuary  | Noticed Menkaure
  6061 | Ossuary  | Reached skill level 5 in Hexes
  6150 | Ossuary  | Reached XP level 7. HP: 36/36 MP: 5/13
  6645 | Ossuary  | Killed Menkaure
  7309 | D:5      | Noticed Pikel
  7352 | D:5      | Found a basalt altar of Yredelemnul.
  7871 | D:5      | Found an ornate altar of the Wu Jian Council.
  8520 | D:5      | Found a staircase to the Ecumenical Temple.
  8579 | D:5      | Reached XP level 8. HP: 41/41 MP: 7/14
  8901 | D:5      | Found a blossoming altar of Fedhas.
  9343 | D:6      | Offered knowledge of Scorch by Vehumet.
  9378 | D:6      | Learned a level 3 spell: Summon Guardian Golem
  9391 | D:6      | Found a glowing silver altar of Zin.
  9393 | D:6      | Reached ** piety under Vehumet
  9476 | D:6      | Reached skill level 1 in Summonings
  9617 | D:6      | Found Xeekh's General Store.
 10080 | D:3      | Bought a +4 ring of evasion for 360 gold pieces
 10538 | D:5      | Killed Pikel
 10601 | D:6      | Reached XP level 9. HP: 45/45 MP: 8/15
 11026 | D:6      | Reached XP level 10. HP: 50/50 MP: 16/16
 11034 | D:6      | Learned a level 5 spell: Iskenderun's Battlesphere
 11034 | D:6      | Reached XP level 11. HP: 67/67 MP: 17/17
 11579 | D:7      | Found a large runed translucent door.
 11579 | D:7      | Found a large runed translucent door.
 11581 | D:7      | Noticed wingedge's ghost (amateur MeCj)
 11628 | D:7      | Noticed Maggie
 12199 | D:8      | Offered knowledge of Frozen Ramparts by Vehumet.
 12254 | D:8      | Identified the +2 robe of Supple Strength {rN+ Str+2}
 12645 | D:8      | Found a shadowy altar of Dithmenos.
 12781 | D:8      | Noticed Psyche
 12789 | D:8      | Killed Psyche
 12872 | D:8      | Reached skill level 5 in Spellcasting
 12933 | D:8      | Found a staircase to the Lair.
 13681 | D:9      | Reached *** piety under Vehumet
 13702 | D:9      | Noticed Grum
 13711 | D:9      | Reached skill level 10 in Dodging
 13720 | D:9      | Killed Grum
 13861 | D:8      | Learned a level 6 spell: Iron Shot
 13879 | D:9      | Noticed Gastronok
 14093 | D:8      | Reached skill level 1 in Earth Magic
 14331 | D:9      | Offered knowledge of Stone Arrow by Vehumet.
 14701 | D:9      | Found a sacrificial altar of Ru.
 14703 | D:9      | Found a broken altar of Ashenzari.
 15140 | D:9      | Killed Gastronok
 15315 | D:9      | Reached **** piety under Vehumet
 15447 | Lair:1   | Entered Level 1 of the Lair of Beasts
 15509 | Lair:1   | Offered knowledge of Airstrike by Vehumet.
 15893 | D:6      | Bought 2 scrolls of magic mapping for 150 gold pieces
 16523 | Lair:1   | Noticed Urug
 16632 | Lair:2   | Reached skill level 5 in Earth Magic
 16781 | Lair:2   | Reached XP level 12. HP: 72/72 MP: 22/22
 17431 | Lair:2   | Noticed a six-headed hydra
 17439 | Lair:2   | Killed a six-headed hydra
 17490 | Lair:2   | Noticed a seven-headed hydra
 17498 | Lair:2   | Killed a seven-headed hydra
 17661 | Lair:2   | Noticed a boulder beetle
 17661 | Lair:2   | Noticed a catoblepas
 17662 | Lair:2   | Noticed an eight-headed hydra
 17695 | Lair:2   | Killed a boulder beetle
 17696 | Lair:2   | Killed a catoblepas
 18155 | Lair:2   | Killed an eight-headed hydra
 18518 | Lair:3   | Reached skill level 5 in Summonings
 18881 | D:3      | Bought the ring "Xunok" {rPois SInv} for 262 gold pieces
 19060 | Lair:3   | Reached ***** piety under Vehumet
 19060 | Lair:3   | Offered knowledge of Conjure Ball Lightning by Vehumet.
 19332 | Lair:3   | Found a staircase to the Swamp.
 19468 | Lair:3   | Found a staircase to the Snake Pit.
 20248 | Lair:4   | Noticed a five-headed hydra
 20483 | Lair:3   | Noticed a six-headed hydra
 20499 | Lair:3   | Killed a six-headed hydra
 21315 | Lair:4   | Noticed a four-headed hydra
 21321 | Lair:4   | Killed a four-headed hydra
 21322 | Lair:4   | Reached XP level 13. HP: 78/78 MP: 13/23
 22040 | Lair:5   | Entered Level 5 of the Lair of Beasts
 23265 | Lair:4   | Learned a level 5 spell: Borgnjor's Vile Clutch
 23315 | Lair:5   | Reached skill level 1 in Necromancy
 24365 | Lair:5   | Found a runed translucent door.
 24366 | Lair:5   | Noticed an acid blob
 24368 | Lair:5   | Found a staircase to the Slime Pits.
 24911 | Lair:5   | Reached skill level 5 in Necromancy
 25099 | Lair:5   | Reached skill level 10 in Fighting
 25360 | Lair:5   | Reached XP level 14. HP: 88/88 MP: 22/28
 25542 | Lair:5   | Offered knowledge of Eringya's Noxious Bog by Vehumet.
 25718 | Lair:5   | Identified the +0 leather armour "Soniycvo" {rElec Int+4}
 26088 | D:10     | Entered Level 10 of the Dungeon
 26192 | D:10     | Identified the +9 hand axe of the Priest {vorpal, *Corrode
                  | rF+ rC+}
 26806 | D:10     | Found a staircase to the Orcish Mines.
 28143 | D:11     | Noticed Nergalle
 28269 | D:11     | Reached skill level 5 in Stealth
 28487 | D:11     | Noticed Snorg
 28512 | D:11     | Killed Snorg
 28630 | D:11     | Noticed Maurice
 28635 | D:11     | Killed Maurice
 28636 | D:11     | Reached skill level 10 in Earth Magic
 28785 | D:11     | Killed Nergalle
 28987 | D:12     | Reached skill level 15 in Conjurations
 32027 | Orc:1    | Entered Level 1 of the Orcish Mines
 32293 | Swamp:1  | Entered Level 1 of the Swamp
 33187 | D:14     | Offered knowledge of Starburst by Vehumet.
 33657 | D:14     | Reached XP level 15. HP: 33/93 MP: 3/29
 34068 | D:14     | Reached skill level 15 in Dodging
 35484 | D:14     | Got the Verses on Clouds
 35606 | D:14     | Found a gate to the Vaults.
 35653 | D:15     | Entered Level 15 of the Dungeon
 36154 | Orc:1    | Offered knowledge of Fireball by Vehumet.
 36299 | Orc:2    | Entered Level 2 of the Orcish Mines
 37722 | Orc:2    | Found Jeistr Weaco's Weapon Emporium.
 37972 | Orc:2    | Found Moaphomm's Armour Shoppe.
 38087 | Orc:2    | Bought a +2 cloak for 264 gold pieces
 38822 | Orc:2    | Found a staircase to the Elven Halls.
 38947 | Orc:2    | Identified the amulet "Bissaaj" {Acrobat Str+2}
 39083 | Orc:2    | Found Sefezef's Assorted Antiques.
 39108 | Orc:2    | Offered knowledge of Orb of Destruction by Vehumet.
 39557 | Orc:2    | Noticed an orc warlord
 39592 | Orc:2    | Killed an orc warlord
 40048 | Orc:2    | Found Qetiem's Antique Armour Shoppe.
 40509 | Orc:2    | Bought a smoking helmet for 285 gold pieces
 40509 | Orc:2    | Identified the +1 helmet of Sedosches {rElec} (You bought
                  | it in a shop on level 2 of the Orcish Mines)
 41564 | Swamp:1  | Learned a level 7 spell: Orb of Destruction
 41872 | Swamp:1  | Noticed a fenstrider witch
 41877 | Swamp:1  | Killed a fenstrider witch
 42504 | Swamp:1  | Noticed a thorn hunter
 42524 | Swamp:1  | Killed a thorn hunter
 42529 | Swamp:1  | Reached skill level 10 in Spellcasting
 42815 | Swamp:1  | Learned a level 3 spell: Swiftness
 42902 | Swamp:1  | Reached skill level 1 in Air Magic
 42994 | Swamp:1  | You are sucked into a shaft and drop 1 floor!
 43195 | Swamp:2  | Found a transporter.
 43218 | Swamp:2  | Found a transporter.
 43411 | Swamp:2  | Reached XP level 16. HP: 98/98 MP: 13/32
 43552 | Swamp:2  | Offered knowledge of Lee's Rapid Deconstruction by Vehumet.
 43675 | Swamp:2  | Noticed Zatibaps's ghost (journeyman FeVM)
 46547 | Swamp:4  | Entered Level 4 of the Swamp
 47262 | Swamp:4  | Learned a level 7 spell: Spellforged Servitor
 47295 | Swamp:4  | Offered knowledge of Ignition by Vehumet.
 48550 | Swamp:4  | Noticed the 27-headed Lernaean hydra
 49004 | Swamp:4  | Killed the 27-headed Lernaean hydra
 49231 | Swamp:4  | Reached skill level 1 in Shields
 49521 | Swamp:4  | Got a decaying rune of Zot
 49809 | D:15     | Noticed Louise
 49817 | D:15     | Killed Louise
 50509 | D:15     | Reached XP level 17. HP: 103/103 MP: 14/36
 50998 | D:15     | Found a staircase to the Depths.
 51017 | D:15     | Identified the +2 short sword "Undertaker" {flame, rC-
                  | Str+8 Int+6}
 51134 | D:15     | Found a shadowy altar of Dithmenos.
 51677 | Orc:2    | Bought a pair of runed gloves for 225 gold pieces
 51873 | Snake:1  | Entered Level 1 of the Snake Pit
 53829 | Snake:1  | Reached skill level 5 in Shields
 53866 | Snake:1  | Found Bufoso Furu's Distillery.
 53874 | Snake:1  | Bought a potion of haste for 130 gold pieces
 53874 | Snake:1  | Bought a potion of resistance for 130 gold pieces
 54827 | Snake:2  | Identified the ring of Xom's Full Attention {rPois rC-
                  | Will+ Dex+6 SInv}
 55031 | Snake:2  | Noticed Vashnia
 56349 | Snake:2  | Reached skill level 10 in Necromancy
 56828 | Snake:2  | Killed Vashnia
 57225 | Snake:2  | Reached ****** piety under Vehumet
 57471 | Snake:3  | Learned a level 6 spell: Death Channel
 57947 | Snake:3  | Offered knowledge of Lehudib's Crystal Spear by Vehumet.
 57947 | Snake:3  | Offered knowledge of Shatter by Vehumet.
 57947 | Snake:3  | Offered knowledge of Polar Vortex by Vehumet.
 57951 | Snake:3  | Reached XP level 18. HP: 108/108 MP: 12/38
 57967 | Snake:3  | Found a sacrificial altar of Ru.
 58905 | Snake:4  | Entered Level 4 of the Snake Pit
 58905 | Snake:4  | Noticed Roxanne
 59720 | Snake:4  | Reached skill level 1 in Staves
 59720 | Snake:4  | Reached skill level 1 in Evocations
 60147 | Snake:4  | Killed Roxanne
 61712 | Snake:4  | Got a serpentine rune of Zot
 62207 | Elf:1    | Entered Level 1 of the Elven Halls
 62963 | Elf:1    | Identified the +0 hat of Immorality {rN++}
 63336 | Elf:1    | Noticed Azrael
 63349 | Elf:1    | Killed Azrael
 63891 | Elf:2    | Paralysed by an air elemental for 1 turns
 64004 | Elf:2    | Noticed Nikola
 64014 | Elf:2    | Killed Nikola
 64225 | Elf:2    | Paralysed by an air elemental for 1 turns
 64776 | Elf:2    | Reached skill level 15 in Earth Magic
 64897 | Elf:2    | Reached XP level 19. HP: 113/113 MP: 19/39
 65396 | Elf:2    | Found a huge runed translucent gate.
 65396 | Elf:2    | Found a huge runed translucent gate.
 65396 | Elf:2    | Found a huge runed translucent gate.
 65396 | Elf:2    | Found a huge runed translucent gate.
 65400 | Elf:2    | Found a huge runed translucent gate.
 65515 | Elf:3    | Entered Level 3 of the Elven Halls
 65674 | Elf:3    | Paralysed by an air elemental for 1 turns
 67207 | Elf:3    | Identified the +10 great sword of Avant Garde Defiance
                  | {flame, *Rage rN+ Str+10 Dex+2}
 67373 | Elf:3    | Identified the +9 mace "Ekkomiem" {vorpal, rC+ Dex+5
                  | Stlth+}
 67373 | Elf:3    | Identified the +7 plate armour "Ytorr" {+Blink rPois MP-9
                  | Str+6}
 67633 | Elf:3    | Identified the +0 ring mail "Ynuicy" {*Slow rElec rPois
                  | Str+6}
 67768 | Elf:3    | Identified the ring of Hejod {rF+ Int+3 Dex+2}
 68158 | Elf:3    | Identified the ring "Sabra" {rPois Will+ rCorr Str+3}
 68572 | Elf:3    | Got the Incunabulum of the Hindering Snowflakes
 68726 | Elf:3    | Got Muomud's Anthology of Mutable Cold
 68732 | Elf:3    | Got Etaf's Handbook of Stones and Attacks
 69197 | Swamp:2  | Killed Zatibaps's ghost
 69209 | Swamp:2  | Identified the ring "Iroulaqe" {rC+ rN+ Will+ Int+6 Dex-5}
 69518 | Depths:1 | Entered Level 1 of the Depths
 69602 | Vaults:1 | Entered Level 1 of the Vaults
 70540 | Vaults:1 | Found Utrityst's Magic Scroll Boutique.
 70678 | Vaults:1 | Bought a scroll of fear for 48 gold pieces
 70678 | Vaults:1 | Bought a scroll of summoning for 114 gold pieces
 72490 | Vaults:1 | Reached XP level 20. HP: 118/118 MP: 31/40
 72949 | Vaults:1 | Found Tenoduuck's Weapon Shop.
 73523 | Vaults:1 | Noticed Donald
 73529 | Vaults:1 | Killed Donald
 74744 | Vaults:2 | Reached skill level 15 in Spellcasting
 76840 | Vaults:2 | Found a staircase to the Crypt.
 77321 | Vaults:2 | Learned a level 9 spell: Shatter
 77747 | Vaults:3 | Reached XP level 21. HP: 123/123 MP: 32/44
 77925 | Vaults:3 | Learned a level 6 spell: Statue Form
 78189 | Vaults:3 | Reached skill level 1 in Transmutations
 79210 | Vaults:3 | Noticed Zenata
 79295 | Vaults:3 | Noticed Mennas
 79350 | Vaults:3 | Killed Mennas
 79641 | Vaults:3 | Reached skill level 5 in Evocations
 80318 | Vaults:3 | Killed Zenata
 81660 | Depths:1 | Got the Guide on Amassed Interference
 82227 | Depths:1 | Found Big Baal Hell's Store.
 82236 | Depths:1 | Found a gateway to Hell.
 82515 | Depths:2 | Found a one-way gate leading to the halls of Pandemonium.
 83317 | Depths:2 | Found a radiant altar of Vehumet.
 83317 | Depths:2 | Noticed an ancient lich
 83957 | Depths:2 | Killed an ancient lich
 85162 | Depths:2 | Reached XP level 22. HP: 132/132 MP: 31/46
 85345 | Depths:3 | Noticed a golden dragon
 85346 | Depths:3 | Noticed a golden dragon
 85347 | Depths:3 | Found the +9 sword of Zonguldrok {reap}
 85502 | Depths:3 | Killed a golden dragon
 85506 | Depths:3 | Killed a golden dragon
 85685 | Depths:3 | Found a one-way gateway to a ziggurat.
 86109 | Depths:3 | Found a shadowy altar of Dithmenos.
 86117 | Depths:3 | Found a transporter.
 86288 | Depths:3 | Noticed Saint Roka
 86300 | Depths:3 | Killed Saint Roka
 86546 | Depths:3 | Found a transporter.
 86546 | Depths:3 | Noticed Smersh616's ghost (veteran MiDe)
 86546 | Depths:3 | Noticed a caustic shrike
 86547 | Depths:3 | Noticed a caustic shrike
 86777 | Depths:3 | Found Vigiethro's Book Boutique.
 86779 | Depths:3 | Found Jinomun's General Store.
 86781 | Depths:3 | Found Kopor's Antique Weapon Boutique.
 86785 | Depths:3 | Bought a book of Spatial Translocations for 390 gold pieces
 86788 | Depths:3 | Learned a level 2 spell: Blink
 86790 | Depths:3 | Bought a scroll of summoning for 133 gold pieces
 86818 | Depths:3 | Reached skill level 1 in Translocations
 87047 | Depths:3 | Found a one-way gate to the infinite horrors of the Abyss.
 87371 | Depths:4 | Entered Level 4 of the Depths
 87568 | Depths:4 | Reached skill level 5 in Translocations
 87636 | Depths:4 | Noticed a golden dragon
 87833 | Depths:3 | Killed a golden dragon
 88276 | Depths:4 | Noticed a caustic shrike
 88282 | Depths:4 | Killed a caustic shrike
 88282 | Depths:4 | Identified the ring "Yskih" {rC+ rCorr}
 88910 | Depths:4 | Noticed a golden dragon
 88916 | Depths:4 | Killed a golden dragon
 88922 | Depths:4 | Noticed a golden dragon
 88927 | Depths:4 | Killed a golden dragon
 88928 | Depths:4 | Reached skill level 10 in Translocations
 89130 | Depths:4 | Noticed a caustic shrike
 89233 | Depths:4 | Killed a caustic shrike
 89469 | Depths:4 | Identified the +8 bardiche of the Modern Quests {venom,
                  | Dex+5}
 89777 | Depths:4 | Found a gate to the Realm of Zot.
 89858 | Depths:4 | Got Imonnil's Octavo of Hindering Combat Magic
 90560 | Vaults:4 | Reached XP level 23. HP: 109/140 MP: 19/47
 92460 | Vaults:4 | Got Kaelez's Grimoire of Peregrination
 92648 | Vaults:5 | Entered Level 5 of the Vaults
 92693 | Vaults:5 | Reached skill level 15 in Fighting
 92694 | Vaults:5 | Noticed a dread lich
 92696 | Vaults:5 | Killed a dread lich
 93029 | Vaults:5 | Reached XP level 24. HP: 148/151 MP: 47/47
 93032 | Vaults:5 | Identified the ring of Ulilah {+Blink rPois Str+6 Int-5
                  | Dex+4}
 93128 | Vaults:5 | Noticed an ancient lich
 93132 | Vaults:5 | Killed an ancient lich
 93651 | Vaults:5 | Identified the +7 dagger "Orghoowna" {venom, +Blink Fly
                  | Int-3 Stlth-}
 93706 | Vaults:5 | Identified the +1 scimitar "Etadot" {vamp, Fly Str+7 SInv}
 93955 | Vaults:5 | Identified the amulet of the Keeping Gods {Faith rF+ rC++
                  | Slay+3}
 94094 | Vaults:4 | Learned a level 7 spell: Haunt
 94190 | Vaults:5 | Got the Papyrus of Left-Handed Rites and the Rocks
 94206 | Vaults:5 | Got a silver rune of Zot
 94819 | Vaults:5 | Identified a scroll of acquirement
 94863 | Vaults:5 | Identified the +1 ring mail of Squeaky Satisfaction {rN+
                  | Str+4}
 94908 | Vaults:5 | Identified the +8 sling "Ihaboevi" {venom, Str+4}
 95193 | Vaults:4 | Acquired the +1 pair of gloves of Exclusion {rF+}
 95574 | Depths:4 | Identified the ring "Cydokker" {rElec rN+ Will+ rCorr
                  | Str-3}
 95774 | D:7      | Killed wingedge's ghost
 95833 | D:7      | Killed Maggie
 96088 | Lair:1   | Killed Urug
 96606 | Elf:2    | Reached skill level 10 in Summonings
 96747 | Elf:2    | Noticed Asterion
 96752 | Elf:2    | Killed Asterion
 98199 | Depths:2 | Killed Smersh616's ghost
 98763 | Depths:3 | Identified the +0 hat of the Lizard {rPois}
 98873 | Zot:1    | Entered Level 1 of the Realm of Zot
 98940 | Zot:1    | Reached skill level 15 in Necromancy
100157 | Zot:1    | Reached skill level 10 in Evocations
102647 | Zot:3    | Noticed a Killer Klown
102669 | Zot:3    | Killed a Killer Klown
102670 | Zot:3    | Reached XP level 25. HP: 92/157 MP: 14/47
104175 | Zot:3    | Noticed a Killer Klown
104181 | Zot:3    | Killed a Killer Klown
107788 | Slime:1  | Entered Level 1 of the Pits of Slime
111850 | Slime:5  | Entered Level 5 of the Pits of Slime
113336 | Slime:5  | Noticed the Royal Jelly
115499 | Slime:5  | Killed the Royal Jelly
115768 | Slime:5  | Identified the +10 broad axe "Jafe" {venom, Int+4}
115791 | Slime:5  | Got Advanced Steps in Sorcery
115810 | Slime:5  | Identified the ring "Jeizxone" {rF+ Str-5 Int+5 SInv}
115830 | Slime:5  | Identified the +0 rapier "Umeih" {vorpal, Str+5}
115839 | Slime:5  | Got the Lessons on Combat Magic
115864 | Slime:5  | Identified the +2 long sword of Checks and Balances {vamp,
                  | rN+++ Will- Dex-5 SInv}
115879 | Slime:5  | Got a slimy rune of Zot
116422 | Zot:5    | Entered Level 5 of the Realm of Zot
116943 | Zot:5    | Reached XP level 26. HP: 164/164 MP: 31/47
117053 | Zot:5    | Found a runed translucent door.
117054 | Zot:5    | Noticed FizzleBangTC's ghost (adept MeEE)
117172 | Zot:5    | Killed FizzleBangTC's ghost
117177 | Zot:5    | Identified the +1 ring mail "Recoff" {rF+ Int+3 Dex+2}
117667 | Zot:5    | Noticed a dread lich
117670 | Zot:5    | Killed a dread lich
118057 | Zot:5    | Noticed an orb of fire
118065 | Zot:5    | Killed an orb of fire
118070 | Zot:5    | Noticed an orb of fire
118085 | Zot:5    | Gained mutation: Your spells are a little easier to cast,
                  | but a little less powerful. [an orb of fire]
118086 | Zot:5    | Killed an orb of fire
118526 | Zot:5    | Noticed a dread lich
118531 | Zot:5    | Killed a dread lich
118558 | Zot:5    | Noticed an orb of fire
118562 | Zot:5    | Killed an orb of fire
118565 | Zot:5    | Noticed an orb of fire
118719 | Zot:5    | Gained mutation: You occasionally lose the ability to read
                  | scrolls when taking damage. [an orb of fire]
118726 | Zot:5    | Killed an orb of fire
119174 | Zot:5    | Noticed an ancient lich
119196 | Zot:5    | Killed an ancient lich
119835 | Zot:5    | Learned a level 8 spell: Lehudib's Crystal Spear
119905 | Zot:5    | Noticed an orb of fire
119915 | Zot:5    | Killed an orb of fire
120008 | Zot:5    | Learned a level 4 spell: Passage of Golubria
120788 | Zot:5    | Noticed an orb of fire
120795 | Zot:5    | Killed an orb of fire
121786 | Zot:5    | Got the Orb of Zot
122313 | D:$      | Escaped with the Orb!

Illustrated notes

Levels and vault maps discovered:
D:1:      heliophobic_arrival_henge, layout_loops_ring,
          chequers_ecumenical_altar_island, dreamdust_princess_bridge
D:2:      layout_loops_ring, solitary_fountain, st_stairs_1
D:3:      minmay_recursive_quarters, layout_basic, serial_shops,
          nicolae_shop_stone, serial_aquarium, aquarium_bridge_square
          [aquarium_subvault_window, aquarium_subvault_wall,
          aquarium_subvault_bridge, aquarium_subvault_bridge],
          aquarium_window_fake, aquarium_window_corridor_1,
          aquarium_window_double, aquarium_window_1, aquarium_view_2b,
          aquarium_view_2d, aquarium_balcony_3a
D:4:      layout_basic, mainiacjoe_overflow_surrounded_room, serial_glass,
          glass_columns_a, glass_columns_c, kennysheep_donut
D:5:      layout_basic, nicolae_wu_jian_immortal_techniques,
          amethyst_overflow_temple_binary, temple_hall, enter_ossuary_5,
          uniq_pikel
D:6:      layout_rooms, mainiacjoe_overflow_concentric_impassable, serial_shops,
          nicolae_shop_temple_entry_statues_fountains, item_on_display_a
D:7:      layout_basic, ebering_ghost_disaster_area, uniq_maggie
D:8:      layout_basic, kennysheep_mini_moat, due_lair_maze_entry_diamond,
          uniq_psyche
D:9:      layout_loops_cross, minitemple, uniq_gastronok, uniq_grum
D:10:     layout_loops_ring, erik_orc_1, kennysheep_small_square
D:11:     layout_cave_pools, uniq_nergalle, uniq_snorg, uniq_maurice
D:12:     layout_rooms, hangedman_decor_slide_cut,
          minmay_fractal_squares_diagonal_5
D:13:     layout_roguey
D:14:     layout_loops_ring, david_vaults_5, serial_ice, serial_ice_k,
          serial_ice_m, serial_ice_c, serial_ice_e, serial_ice_d, serial_ice_g,
          serial_ice_o, serial_ice_h, serial_ice_a, serial_ice_b, minivault_23
D:15:     hangedman_depths_entry_civil_slaughter, layout_basic, basic_altar,
          minmay_misc_feat_diagonals, uniq_louise
Lair:1:   layout_regular_city, serial_bayou_shore_b, uniq_urug
Lair:2:   nzn_winding_woodlands_three_and_one [nzn_winding_woodlands_5x15_pool,
          nzn_winding_woodlands_5x15_sidewinder,
          nzn_winding_woodlands_5x15_cabin,
          nzn_winding_woodlands_center_triple_pond], layout_chaotic_city,
          st_stairs_8
Lair:3:   layout_big_grid, minmay_swamp_entry_worms, guppyfry_snake_entry_garden
Lair:4:   layout_roguey
Lair:5:   evilmike_catoblepas_cave, layout_regular_city, slime_entry_2,
          nicolae_lair_run_with_the_wolves, grunt_megastairs_4
Swamp:1:  layout_basic_swamp, evilmike_swamp_ruin_house_5, swamp_pool2,
          nicolae_swamp_no_escape, infiniplex_staircase_pool
Swamp:2:  layout_basic_swamp, gammafunk_ghost_mausoleum, serial_swamp_ruin,
          evilmike_swamp_ruin_house_4, evilmike_swamp_ruin_rubble_1
Swamp:3:  layout_basic_swamp, hangedman_swamp_ruin_wall
Swamp:4:  swamp_old_school, layout_basic_swamp, swamp_pool2,
          nicolae_swamp_snake_nest
Snake:1:  layout_chambers, serial_shops, shop, nicolae_integral_box
Snake:2:  nicolae_cobra_stairs, layout_grid_shapes, uniq_vashnia
Snake:3:  minmay_snake_river, layout_rooms, basic_altar
Snake:4:  johnstein_snake_rune_scales, layout_concentric_octagons,
          beargit_elvish_explorers, uniq_roxanne
Slime:1:  layout_caves, nicolae_slime_phagocytosis
Slime:2:  cheibrodos_slime_lost_civilization_10, layout_caves
Slime:3:  layout_caves
Slime:4:  layout_caves
Slime:5
Orc:1:    layout_caves, basic_altar
Orc:2:    pubby_orc_utopia
Elf:1:    layout_gridlike, hangedman_corner_corridor, uniq_azrael
Elf:2:    elven_hall_of_blades_hangedman_alternative [grunt_blade_entry_basic],
          layout_geoelf_grid, grunt_megastairs_2, uniq_nikola, uniq_asterion
Elf:3:    grunt_elf_hall_spiral, layout_geoelf_octagon
Vaults:1: dpeg_vaults_monster_row, v_misc_27, v_misc_1,
          nicolae_vaults_network_star, nicolae_vaults_theta,
          nicolae_vaults_stairing_the_circle, grunt_vaults_swirl,
          nicolae_vaults_little_squares_3, st_hourglassy,
          layout_vaults_chaotic_city, serial_shops, shop, nicolae_shop_stone,
          uniq_donald
Vaults:2: nicolae_vaults_twisting_passages, minmay_crypt_entry_nasty_monster,
          ontoclasm_vaults_twist, grunt_vaults_trifunnel,
          hangedman_vaults_snaps, v_rooms_3, ontoclasm_vaults_eye,
          nicolae_vaults_asterisk, st_check, nicolae_vaults_border_crossing,
          vaults_dpeg_encased_lava, layout_vaults_omnicross
Vaults:3: vaults_standard_mumra_enter_the_diamond, v_misc_27, v_misc_9,
          ontoclasm_vaults_pinch, vaults_mumra_chevron,
          nicolae_vaults_specimen_jars, hangedman_vaults_capsules,
          nicolae_vaults_network_barrier, st_lines, hangedman_vaults_stagger,
          v_misc_14, vaults_room_pools, ontoclasm_vaults_gateway, v_misc_22,
          layout_vaults_omnibox, uniq_mennas, uniq_zenata
Vaults:4: ontoclasm_vaults_spin, nicolae_vaults_hallways_thing,
          vaults_dpeg_cross, vaults_room_fancy_cross,
          nicolae_vaults_circle_grid_b, nicolae_vaults_little_squares_6,
          nicolae_vaults_ring_of_whatevers, layout_vaults_maze_snakey,
          serial_hangedman_research, hangedman_research_quantum
Vaults:5
Depths:1: layout_cave_pools, minmay_misc_feat_rugged,
          nicolae_hell_entry_big_baal_hell, grunt_ministairs_1,
          kilobyte_mutagenic_chamber
Depths:2: evilmike_halls_of_destruction, layout_honeycomb,
          hangedman_abyss_or_decor_jellyfish_corner, hell_entry, pan_entry,
          infiniplex_staircase_zigzag_4
Depths:3: minmay_ambush_box, layout_gridlike, enter_ziggurat_b,
          nicolae_abyss_entry_one_way_or_another, pf_coc_iceberg,
          gammafunk_ghost_berserking_beasts, corexii_leaking_fountain,
          grunt_dithmenos_smoke_and_mirrors, minmay_shop_star,
          infiniplex_staircase_split_hallway, uniq_margery, uniq_saint_roka,
          uniq_grunn
Depths:4: hangedman_pleasuredromes, hell_entry, pan_entry, abyss_entry
Zot:1:    layout_onion_interference, st_stairs_9
Zot:2:    layout_basic
Zot:3:    nicolae_moth_party, layout_cellular_growth
Zot:4:    layout_gridville
Zot:5:    layout_onion, gammafunk_ghost_grave, st_stairs_13

Skill      XL: |  1  2  3  4  5  6  7  8  9 10 11 12 13 14 15 16 17 18 19 20 21 22 23 24 25 26 |
---------------+-------------------------------------------------------------------------------+-----
Dodging        | 3 4 5 6 7 8 11 13 14 17 19 22 | 22.9
Conjurations   | 5 6 7 8 14 16 17 20 22 | 22.5
Hexes          | 1 2 3 5 6 7 |  7.0
Summonings     | 3 4 6 7 9 13 14 | 14.8
Stealth        | 3 5 |  5.7
Fighting       | 7 10 12 13 15 16 19 | 19.5
Spellcasting   | 5 8 10 13 14 17 18 | 18.4
Earth Magic    | 5 9 10 12 15 19 22 | 22.5
Necromancy     | 5 7 12 14 16 19 | 19.3
Air Magic      | 2 |  2.6
Shields        | 3 6 |  6.9
Staves         | 4 |  4.0
Evocations     | 4 8 10 | 10.2
Transmutations | 4 |  4.1
Translocations | 10 | 10.8

Action                   |  1- 3 |  4- 6 |  7- 9 | 10-12 | 13-15 | 16-18 | 19-21 | 22-24 | 25-27 || total
-------------------------+-------+-------+-------+-------+-------+-------+-------+-------+-------++-------
Melee: Dagger            |     2 |    25 |     3 |    13 |    54 |       |       |       |       ||    97
       Punch             |       |       |       |       |     1 |     1 |       |       |       ||     2
       Staff             |       |       |       |       |    31 |    36 |   131 |   232 |   267 ||   697
       Short sword       |       |       |       |       |     8 |       |       |       |       ||     8
       Double sword      |       |       |       |       |       |       |       |    13 |       ||    13
 Cast: Magic Dart        |    77 |    89 |    79 |   129 |   322 |   179 |     4 |       |       ||   879
       Searing Ray       |     3 |    41 |    37 |    35 |    13 |       |       |       |       ||   129
       Dazzling Flash    |       |     1 |     5 |       |       |       |       |       |       ||     6
       Fulminant Prism   |       |       |     8 |    69 |    68 |    15 |       |       |       ||   160
       Summon Guardian G |       |       |     6 |    58 |   159 |    25 |       |       |       ||   248
       Iskenderun's Batt |       |       |       |    25 |    90 |    50 |       |       |       ||   165
       Iron Shot         |       |       |       |     1 |    67 |   134 |   171 |   159 |   185 ||   717
       Borgnjor's Vile C |       |       |       |       |   166 |   188 |   206 |   210 |   115 ||   885
       Orb of Destructio |       |       |       |       |     8 |    31 |    69 |    63 |    75 ||   246
       Spellforged Servi |       |       |       |       |       |    58 |    63 |    45 |    30 ||   196
       Swiftness         |       |       |       |       |       |     4 |     2 |     2 |       ||     8
       Death Channel     |       |       |       |       |       |    13 |    27 |    19 |    17 ||    76
       Statue Form       |       |       |       |       |       |       |     8 |     5 |     4 ||    17
       Shatter           |       |       |       |       |       |       |     4 |    27 |     4 ||    35
       Haunt             |       |       |       |       |       |       |       |     2 |    49 ||    51
       Blink             |       |       |       |       |       |       |       |     1 |       ||     1
       Lehudib's Crystal |       |       |       |       |       |       |       |       |    34 ||    34
       Passage of Golubr |       |       |       |       |       |       |       |       |     2 ||     2
Evoke: Wand              |       |       |       |     1 |     7 |    12 |     2 |     4 |     1 ||    27
       Lightning rod     |       |       |       |       |       |       |     4 |     1 |     1 ||     6
       Box of beasts     |       |       |       |       |       |       |     3 |       |     1 ||     4
       Phantom mirror    |       |       |       |       |       |       |     1 |       |     1 ||     2
       Phial of floods   |       |       |       |       |       |       |       |     1 |       ||     1
  Use: Scroll            |     9 |    10 |     9 |     5 |     8 |     6 |     1 |     4 |     7 ||    59
       Potion            |       |     1 |     1 |     1 |       |     2 |     5 |     9 |    13 ||    32
 Stab: Sleeping          |       |     1 |       |       |     1 |     1 |     1 |     1 |     1 ||     6
       Distracted        |       |       |       |       |       |     2 |     1 |     3 |     1 ||     7
Armor: Robe              |     3 |     7 |     8 |    18 |    45 |    40 |     2 |       |       ||   123
       Animal skin       |       |       |       |       |       |       |    38 |    50 |    67 ||   155
       Skin              |       |       |       |       |       |       |       |    27 |     1 ||    28
Dodge: Dodged            |    13 |    72 |    77 |   202 |   430 |   448 |   270 |   467 |   478 ||  2457
       Repelled          |       |       |       |       |       |       |       |    10 |    27 ||    37
Block: Other             |       |       |       |     2 |    30 |     2 |       |       |       ||    34
       Reflection        |       |       |       |       |     3 |     7 |     6 |     1 |       ||    17
       Buckler           |       |       |       |       |       |   147 |   136 |   222 |   195 ||   700
